 Dungeon Crawl Stone Soup version 0.21.1-1-g345015f (webtiles) character file.

827 Forevrfaint the Ruffian (level 7, -15/70 HPs)
             Began as a Troll Monk on Feb 12, 2018.
             Demolished by an ogre
             ... wielding a +0 giant club
              (23 damage)
             ... on level 5 of the Dungeon.
             The game lasted 00:11:09 (2975 turns).

Forevrfaint the Ruffian (Troll Monk)                Turns: 2975, Time: 00:11:10

Health: -15/70     AC:  7    Str: 22    XL:     7   Next: 64%
Magic:  6/6        EV: 11    Int:  6    God:
Gold:   192        SH:  0    Dex: 12    Spells: 6/6 levels left

rFire    . . .     SeeInvis .     - Unarmed
rCold    . . .     Gourm    +   (no shield)
rNeg     . . .     Faith    .   r - +2 robe {MR+}
rPois    .         Spirit   .   (helmet restricted)
rElec    .         Reflect  .   (no cloak)
rCorr    .         Harm     .   (gloves unavailable)
MR       +....                  (boots unavailable)
Stlth    ++........             (no amulet)
HPRegen  0.61/turn              (no ring)
MPRegen  0.10/turn              (no ring)

@: no status effects
A: large, unfitting armour, claws 3, fast metabolism 3, gourmand, regeneration
1, shaggy fur 1, tough skin 2
a: no special abilities


You were on level 5 of the Dungeon.
You were very full.

You visited 1 branch of the dungeon, and saw 5 of its levels.

You collected 192 gold pieces.

Inventory:

Armour
 r - a +2 robe of magic resistance (worn)
Jewellery
 a - an uncursed ring of flight {unknown}
 o - an uncursed ring of ice {unknown}
 q - a +6 ring of evasion {unknown}
 v - a cursed amulet of inaccuracy {unknown}
Wands
 s - a wand of random effects (13)
Scrolls
 g - a scroll of teleportation {unknown}
 i - a scroll of fear {unknown}
 j - 2 scrolls of remove curse {unknown}
 l - a scroll of enchant armour {unknown}
 m - a scroll of blinking {unknown}
 n - a scroll of fog {unknown}
 t - a scroll of identify
 y - a scroll of noise {unknown}
 z - a scroll of random uselessness {unknown}
Potions
 c - 2 potions of lignification {unknown}
 d - 2 potions of berserk rage {unknown}
 e - 2 potions of brilliance {unknown}
 f - 4 potions of flight
 h - 2 potions of haste {unknown}
 k - 7 potions of curing
 p - a potion of mutation {unknown}
 u - a potion of invisibility {unknown}
 w - a potion of cancellation {unknown}
Comestibles
 b - 7 rations
 x - 5 chunks of flesh


   Skills:
 + Level 4.3 Fighting
 + Level 4.3 Dodging
 - Level 1.0 Stealth
 * Level 6.8 Unarmed Combat


You had 6 spell levels left.
You didn't know any spells.

Dungeon Overview and Level Annotations

Branches:
Dungeon (5/15)
 Temple: D:4-7

Altars:
Yredelemnul

Shops:
D:4 :


Innate Abilities, Weirdness & Mutations

You are too large for most types of armour.
You have claws for hands.
Your metabolism is lightning-fast.
You like to eat raw meat.
Your natural rate of healing is unusually fast.
You are covered in fur. (AC +1)
You have very tough skin. (AC +2)


Message History

The centaur closely misses you. The centaur hits you.
You closely miss the centaur. The ogre hits you with a giant club!!
* * * LOW HITPOINT WARNING * * *
The centaur closely misses you.
You are too injured to fight recklessly!
You are too injured to fight recklessly!
You scratch the centaur.
The centaur is lightly wounded.
The centaur hits you.
* * * LOW HITPOINT WARNING * * *
The ogre closely misses you. The centaur hits you!
* * * LOW HITPOINT WARNING * * *
The centaur closely misses you.
You barely miss the centaur.
The centaur is lightly wounded.
The centaur hits you.
* * * LOW HITPOINT WARNING * * *
The ogre hits you with a giant club!!
You die...

#.#.# #.....# #.#)#
###.....# #.#.#
#...)...# #.#.#
#.#.....# #.#.#
#.......#
##.#.#####.##....#
####..............###
..................#
..#...@..........#
......Oc....(.(...#
..................#
..................#
....#.#...........#
#..........$......#
#####.#...........#
#.#)....####### .
.....##


You could see an ogre and a centaur.

Vanquished Creatures
  Grinder (D:3)
  The ghost of inmateoo the Skirmisher, an amateur MiWz of Makhleb (D:3)
  A sky beast (D:4)
  A scorpion (D:4)
  2 hounds (D:5)
  Jessica (D:3)
  Terence (D:2)
  An iguana (D:4)
  3 worker ants
  7 adders
  4 worms
  3 dart slugs
  4 leopard geckos
  6 giant cockroaches
  3 hobgoblins
  6 kobolds
  A quokka (D:3)
  A ball python skeleton (D:4)
  11 bats
  4 frilled lizards
  4 goblins
  A leopard gecko skeleton (D:4)
  6 rats
73 creatures vanquished.

Notes
Turn   | Place    | Note
-------+----------+-------------------------------------------
     0 | D:1      | Forevrfaint the Troll Monk began the quest for the Orb.
     0 | D:1      | Reached XP level 1. HP: 22/22 MP: 0/0
   239 | D:1      | Reached XP level 2. HP: 29/29 MP: 1/1
   758 | D:2      | Reached XP level 3. HP: 36/36 MP: 2/2
   835 | D:2      | Noticed Terence
   845 | D:2      | Killed Terence
   845 | D:2      | Reached skill level 4 in Unarmed Combat
  1070 | D:2      | Reached XP level 4. HP: 44/44 MP: 3/3
  1376 | D:3      | Noticed inmateoo's ghost (amateur MiWz)
  1494 | D:3      | Killed inmateoo's ghost
  1494 | D:3      | Reached skill level 5 in Unarmed Combat
  1494 | D:3      | Reached XP level 5. HP: 42/53 MP: 4/4
  1598 | D:3      | Noticed Jessica
  1606 | D:3      | Killed Jessica
  1783 | D:3      | Found a basalt altar of Yredelemnul.
  1825 | D:3      | Noticed Grinder
  1827 | D:3      | Reached XP level 6. HP: 59/61 MP: 5/5
  1833 | D:3      | Killed Grinder
  2088 | D:4      | Found Kaxough's Book Shoppe.
  2136 | D:4      | Noticed a sky beast
  2146 | D:4      | Killed a sky beast
  2146 | D:4      | Reached skill level 6 in Unarmed Combat
  2146 | D:4      | Reached XP level 7. HP: 65/70 MP: 6/6
  2868 | D:5      | Entered Level 5 of the Dungeon
  2975 | D:5      | Demolished by an ogre

Skill      XL: |  1  2  3  4  5  6  7 |
---------------+----------------------+-----
Unarmed Combat | 4 5 6 |  6.8
Fighting       | 3 4 |  4.3
Dodging        | 3 4 |  4.3
Stealth        | |  1.0

Action                   |  1- 3 |  4- 6 |  7- 9 || total
-------------------------+-------+-------+-------++-------
Melee: Unarmed           |    78 |    65 |    60 ||   203
       Punch             |     1 |     1 |     1 ||     3
  Use: Scroll            |       |     2 |     1 ||     3
 Stab: Sleeping          |     2 |     2 |     1 ||     5
  Eat: Chunk             |    15 |     8 |     9 ||    32
Armor: Robe              |    26 |    21 |    19 ||    66
Dodge: Dodged            |    15 |    26 |    42 ||    83
